[ PARTIDA AOE2 · #506058532 ]
UnrankedMaya vs Mongols
Equipo del jugador · VICT
Equipo rival · DERR
[ ANÁLISIS DE REPETICIÓN · EXTRAÍDO DE LA PARTIDA GRABADA ]
Feudal
13:10
Castillos
25:32
Imperial
—
| APM promedio | 48.7 |
| APM pico | 87 |
| eAPM promedio | 24.0 |
| Aldeanos / militares | 47 / 33 |
Foco
⚔️ 48.6% · 🌾 51.4%
Archer ×27 · Militia ×3 · Mangonel ×2 · Battering Ram ×1
Feudal
13:30
Castillos
—
Imperial
—
| APM promedio | 63.1 |
| APM pico | 96 |
| eAPM promedio | 25.2 |
| Aldeanos / militares | 51 / 10 |
Foco
⚔️ 28.4% · 🌾 71.6%
Skirmisher ×10
Mapa de la partida
Recursos iniciales + cada clic de construcción. Líneas = muros · curvas = relieve. ◆ oro · ⬟ piedra · ● bayas · ✦ reliquia · ◌ hueco del cierre
Tu base· Abierta — hueco de 10t
Base de Guthrie_Govan· Abierta — flanco sin cerrar
Terreno inicial suavizado · ◌ = hueco del cierre detectado · pasá el cursor para detalles
Inputs por minuto
— [JA]Xerxes - - Guthrie_Govan
Build order — [JA]Xerxes
141 acciones detectadas en el replay
| 0:01 | Investigar | Loom |
| 0:03 | Construir | House |
| 0:07 | Construir | House |
| 0:15 | Crear | Villager (Male) |
| 0:15 | Crear | Villager (Male) |
| 0:20 | Crear | Villager (Male) |
| 0:20 | Crear | Villager (Male) |
| 1:27 | Crear | Villager (Male) |
| 1:51 | Crear | Villager (Male) |
| 1:53 | Construir | Lumber Camp |
| 2:22 | Crear | Villager (Male) |
| 2:23 | Crear | Villager (Male) |
| 2:34 | Crear | Villager (Male) |
| 3:15 | Crear | Villager (Male) |
| 3:41 | Crear | Villager (Male) |
| 3:51 | Construir | House |
| 4:01 | Crear | Villager (Male) |
| 4:29 | Crear | Villager (Male) |
| 4:31 | Construir | Barracks |
| 4:32 | Construir | Palisade Wall |
| 5:01 | Construir | House |
| 5:04 | Crear | Villager (Male) |
| 5:21 | Crear | Villager (Male) |
| 5:29 | Construir | House |
| 5:30 | Crear | Militia |
| 5:30 | Crear | Militia |
| 5:35 | Construir | Palisade Wall |
| 5:52 | Crear | Villager (Male) |
| 5:55 | Crear | Militia |
| 6:16 | Crear | Villager (Male) |
| 6:24 | Crear | Villager (Male) |
| 6:33 | Construir | Mill |
| 7:04 | Crear | Villager (Male) |
| 7:39 | Crear | Villager (Male) |
| 7:43 | Construir | Palisade Wall |
| 7:45 | Construir | Palisade Wall |
| 7:46 | Construir | Palisade Wall |
| 7:50 | Construir | Palisade Wall |
| 7:55 | Construir | Palisade Wall |
| 8:09 | Construir | Palisade Wall |
| 8:19 | Crear | Villager (Male) |
| 8:51 | Construir | Town Center |
| 9:14 | Construir | Palisade Wall |
| 9:45 | Crear | Villager (Male) |
| 10:04 | Crear | Villager (Male) |
| 10:06 | Construir | Palisade Wall |
| 10:08 | Construir | Palisade Wall |
| 10:26 | Crear | Villager (Male) |
| 10:55 | Investigar | Feudal Age |
| 11:17 | Construir | Palisade Wall |
| 11:18 | Construir | House |
| 12:12 | Construir | House |
| 12:13 | Construir | House |
| 12:50 | Crear | Villager (Male) |
| 12:50 | Crear | Villager (Male) |
| 13:06 | Crear | Villager (Male) |
| 13:10 | Edad | Edad Feudal |
| 13:12 | Construir | Archery Range |
| 13:16 | Construir | Archery Range |
| 13:27 | Construir | Blacksmith |
| 13:28 | Investigar | Double-Bit Axe |
| 13:52 | Construir | House |
| 14:15 | Crear | Archer |
| 14:16 | Crear | Archer |
| 14:20 | Investigar | Fletching |
| 14:24 | Crear | Archer |
| 14:26 | Crear | Villager (Male) |
| 14:50 | Construir | Mining Camp |
| 14:52 | Crear | Villager (Male) |
| 14:54 | Construir | Farm |
| 14:54 | Construir | Farm |
| 14:55 | Construir | Farm |
| 14:57 | Crear | Archer |
| 15:17 | Crear | Archer |
| 15:17 | Crear | Archer |
| 15:18 | Crear | Villager (Male) |
| 15:18 | Crear | Villager (Male) |
| 15:24 | Crear | Villager (Male) |
| 15:46 | Crear | Villager (Male) |
| 15:51 | Construir | Farm |
| 15:52 | Construir | Farm |
| 15:53 | Construir | Farm |
| 16:09 | Construir | Farm |
| 16:11 | Crear | Villager (Male) |
| 16:57 | Crear | Villager (Male) |
| 17:25 | Crear | Archer |
| 17:30 | Construir | Mining Camp |
| 17:40 | Crear | Archer |
| 17:46 | Construir | House |
| 18:04 | Construir | House |
| 18:05 | Crear | Villager (Male) |
| 18:36 | Crear | Archer |
| 18:43 | Crear | Villager (Male) |
| 18:50 | Crear | Archer |
| 19:04 | Crear | Villager (Male) |
| 19:13 | Construir | Lumber Camp |
| 19:14 | Crear | Villager (Male) |
| 19:39 | Crear | Villager (Male) |
| 19:42 | Construir | Farm |
| 19:51 | Crear | Villager (Male) |
| 20:06 | Crear | Archer |
| 20:09 | Crear | Archer |
| 20:39 | Crear | Villager (Male) |
| 20:48 | Crear | Villager (Male) |
| 21:07 | Construir | Market |
| 21:39 | Crear | Archer |
| 21:39 | Crear | Archer |
| 21:41 | Crear | Villager (Male) |
| 21:48 | Construir | Lumber Camp |
| 22:02 | Crear | Archer |
| 22:03 | Crear | Archer |
| 22:05 | Crear | Villager (Male) |
| 22:07 | Construir | House |
| 22:07 | Construir | House |
| 22:30 | Construir | Watch Tower |
| 22:52 | Investigar | Castle Age |
| 22:54 | Crear | Archer |
| 23:20 | Crear | Archer |
| 24:07 | Crear | Archer |
| 24:07 | Crear | Archer |
| 24:46 | Crear | Archer |
| 24:47 | Crear | Archer |
| 24:49 | Crear | Villager (Male) |
| 24:50 | Construir | House |
| 24:51 | Construir | House |
| 25:20 | Construir | Farm |
| 25:32 | Edad | Edad de los Castillos |
| 25:33 | Construir | Siege Workshop |
| 25:35 | Investigar | Bodkin Arrow |
| 26:16 | Investigar | Crossbowman (upgrade) |
| 26:18 | Crear | Mangonel |
| 26:19 | Construir | House |
| 26:43 | Crear | Archer |
| 26:43 | Crear | Archer |
| 26:49 | Crear | Mangonel |
| 26:54 | Construir | House |
| 27:03 | Crear | Villager (Male) |
| 27:09 | Crear | Battering Ram |
| 27:30 | Crear | Archer |
| 27:30 | Crear | Archer |
| 27:39 | Crear | Archer |
Build order — Guthrie_Govan
148 acciones detectadas en el replay
| 0:00 | Crear | Villager (Male) |
| 0:00 | Crear | Villager (Male) |
| 0:01 | Crear | Villager (Male) |
| 0:01 | Crear | Villager (Male) |
| 0:01 | Crear | Villager (Male) |
| 0:02 | Construir | House |
| 0:04 | Construir | House |
| 1:23 | Crear | Villager (Male) |
| 1:33 | Construir | Lumber Camp |
| 1:47 | Crear | Villager (Male) |
| 2:25 | Crear | Villager (Male) |
| 2:26 | Crear | Villager (Male) |
| 2:51 | Crear | Villager (Male) |
| 2:57 | Construir | House |
| 3:16 | Crear | Villager (Male) |
| 3:16 | Crear | Villager (Male) |
| 3:22 | Construir | House |
| 3:25 | Construir | Palisade Wall |
| 3:57 | Construir | House |
| 4:22 | Crear | Villager (Male) |
| 4:25 | Crear | Villager (Male) |
| 4:27 | Crear | Villager (Male) |
| 4:43 | Crear | Villager (Male) |
| 4:45 | Crear | Villager (Male) |
| 5:04 | Crear | Villager (Male) |
| 5:09 | Construir | Mill |
| 5:36 | Investigar | Loom |
| 5:36 | Investigar | Loom |
| 5:39 | Crear | Villager (Male) |
| 6:12 | Crear | Villager (Male) |
| 6:46 | Construir | Town Center |
| 6:59 | Construir | Palisade Wall |
| 7:00 | Construir | Palisade Wall |
| 7:20 | Construir | Palisade Wall |
| 7:22 | Construir | Palisade Wall |
| 7:37 | Crear | Villager (Male) |
| 7:45 | Crear | Villager (Male) |
| 7:45 | Crear | Villager (Male) |
| 7:47 | Construir | Palisade Wall |
| 7:51 | Construir | Palisade Wall |
| 7:55 | Construir | Palisade Wall |
| 7:58 | Construir | Palisade Wall |
| 7:59 | Construir | Palisade Wall |
| 8:06 | Crear | Villager (Male) |
| 8:06 | Crear | Villager (Male) |
| 8:09 | Construir | Mill |
| 8:45 | Crear | Villager (Male) |
| 8:45 | Crear | Villager (Male) |
| 9:59 | Crear | Villager (Male) |
| 9:59 | Crear | Villager (Male) |
| 10:17 | Construir | House |
| 10:23 | Construir | House |
| 11:15 | Investigar | Feudal Age |
| 11:15 | Investigar | Feudal Age |
| 11:40 | Construir | Lumber Camp |
| 11:47 | Construir | House |
| 11:48 | Construir | House |
| 12:38 | Construir | Lumber Camp |
| 12:56 | Construir | House |
| 13:16 | Construir | Mining Camp |
| 13:30 | Edad | Edad Feudal |
| 13:37 | Crear | Villager (Male) |
| 13:37 | Crear | Villager (Male) |
| 13:55 | Construir | Watch Tower |
| 14:00 | Crear | Villager (Male) |
| 14:22 | Crear | Villager (Male) |
| 14:24 | Construir | Barracks |
| 14:27 | Construir | House |
| 14:30 | Construir | Palisade Wall |
| 14:31 | Construir | Palisade Wall |
| 14:56 | Construir | Stone Wall |
| 14:57 | Construir | Stone Wall |
| 14:58 | Construir | Stone Wall |
| 15:11 | Construir | Watch Tower |
| 15:14 | Crear | Villager (Male) |
| 15:30 | Construir | Blacksmith |
| 15:42 | Construir | Farm |
| 15:42 | Crear | Villager (Male) |
| 16:04 | Construir | Stone Wall |
| 16:04 | Construir | Stone Wall |
| 16:07 | Crear | Villager (Male) |
| 16:27 | Construir | Watch Tower |
| 16:32 | Construir | House |
| 16:34 | Investigar | Fletching |
| 16:35 | Crear | Villager (Male) |
| 16:37 | Construir | Palisade Wall |
| 16:47 | Construir | House |
| 17:17 | Construir | House |
| 17:39 | Construir | Archery Range |
| 17:55 | Construir | Farm |
| 17:56 | Crear | Skirmisher |
| 18:16 | Construir | House |
| 18:20 | Construir | House |
| 18:25 | Construir | House |
| 18:29 | Construir | House |
| 19:04 | Construir | Farm |
| 19:27 | Construir | House |
| 19:36 | Construir | Farm |
| 19:50 | Crear | Skirmisher |
| 20:03 | Construir | Farm |
| 20:20 | Construir | Stone Wall |
| 20:30 | Construir | Stone Wall |
| 20:35 | Construir | Stone Wall |
| 20:38 | Crear | Villager (Male) |
| 20:53 | Construir | Watch Tower |
| 20:54 | Crear | Villager (Male) |
| 21:06 | Construir | Farm |
| 21:30 | Construir | Farm |
| 21:35 | Construir | Farm |
| 21:36 | Crear | Villager (Male) |
| 21:48 | Crear | Skirmisher |
| 22:08 | Construir | Watch Tower |
| 22:10 | Crear | Villager (Male) |
| 22:27 | Construir | Palisade Wall |
| 22:28 | Construir | Stone Wall |
| 22:53 | Crear | Skirmisher |
| 23:26 | Crear | Skirmisher |
| 23:27 | Crear | Villager (Male) |
| 23:28 | Crear | Skirmisher |
| 24:03 | Crear | Villager (Male) |
| 24:06 | Construir | Stone Wall |
| 24:08 | Construir | Stone Wall |
| 24:11 | Crear | Villager (Male) |
| 24:12 | Crear | Villager (Male) |
| 24:23 | Construir | Stone Wall |
| 24:25 | Construir | Stone Wall |
| 24:27 | Construir | Stone Wall |
| 24:32 | Crear | Villager (Male) |
| 24:34 | Crear | Skirmisher |
| 24:34 | Crear | Skirmisher |
| 24:39 | Construir | Watch Tower |
| 24:44 | Crear | Villager (Male) |
| 24:51 | Crear | Skirmisher |
| 25:03 | Construir | Watch Tower |
| 25:08 | Construir | House |
| 25:10 | Construir | House |
| 25:18 | Crear | Villager (Male) |
| 25:27 | Construir | Mining Camp |
| 25:48 | Construir | Market |
| 25:59 | Construir | Watch Tower |
| 26:09 | Crear | Skirmisher |
| 26:11 | Crear | Villager (Male) |
| 26:19 | Investigar | Padded Archer Armor |
| 26:20 | Investigar | Padded Archer Armor |
| 26:48 | Construir | Watch Tower |
| 27:19 | Crear | Villager (Male) |
| 27:30 | Construir | Watch Tower |
| 27:42 | Crear | Villager (Male) |
Cronología de la partida
| 3:25 | Guthrie_Govan · wall_segment Palisade Wall x1 |
| 4:31 | [JA]Xerxes · first_building Barracks |
| 4:32 | [JA]Xerxes · wall_segment Palisade Wall x3 |
| 5:35 | [JA]Xerxes · wall_segment Palisade Wall x3 |
| 6:59 | Guthrie_Govan · wall_segment Palisade Wall x1 |
| 7:00 | Guthrie_Govan · wall_segment Palisade Wall x1 |
| 7:20 | Guthrie_Govan · wall_segment Palisade Wall x1 |
| 7:22 | Guthrie_Govan · wall_segment Palisade Wall x1 |
| 7:43 | [JA]Xerxes · wall_segment Palisade Wall x1 |
| 7:45 | [JA]Xerxes · wall_segment Palisade Wall x1 |
| 7:46 | [JA]Xerxes · wall_segment Palisade Wall x1 |
| 7:47 | Guthrie_Govan · wall_segment Palisade Wall x1 |
| 7:50 | [JA]Xerxes · wall_segment Palisade Wall x1 |
| 7:51 | Guthrie_Govan · wall_segment Palisade Wall x1 |
| 7:55 | [JA]Xerxes · wall_segment Palisade Wall x1 |
| 7:55 | Guthrie_Govan · wall_segment Palisade Wall x1 |
| 7:58 | Guthrie_Govan · wall_segment Palisade Wall x1 |
| 7:59 | Guthrie_Govan · wall_segment Palisade Wall x1 |
| 8:09 | [JA]Xerxes · wall_segment Palisade Wall x1 |
| 9:14 | [JA]Xerxes · wall_segment Palisade Wall x1 |
| 10:06 | [JA]Xerxes · wall_segment Palisade Wall x1 |
| 10:08 | [JA]Xerxes · wall_segment Palisade Wall x1 |
| 11:17 | [JA]Xerxes · wall_segment Palisade Wall x1 |
| 13:10 | [JA]Xerxes · age_up feudal |
| 13:12 | [JA]Xerxes · first_building Archery Range |
| 13:30 | Guthrie_Govan · age_up feudal |
| 14:24 | Guthrie_Govan · first_building Barracks |
| 14:30 | Guthrie_Govan · wall_segment Palisade Wall x11 |
| 14:31 | Guthrie_Govan · wall_segment Palisade Wall x3 |
| 14:56 | Guthrie_Govan · wall_segment Stone Wall x1 |
| 14:57 | Guthrie_Govan · wall_segment Stone Wall x1 |
| 14:58 | Guthrie_Govan · wall_segment Stone Wall x1 |
| 16:04 | Guthrie_Govan · wall_segment Stone Wall x1 |
| 16:04 | Guthrie_Govan · wall_segment Stone Wall x1 |
| 16:37 | Guthrie_Govan · wall_segment Palisade Wall x10 |
| 17:39 | Guthrie_Govan · first_building Archery Range |
| 20:20 | Guthrie_Govan · wall_segment Stone Wall x1 |
| 20:30 | Guthrie_Govan · wall_segment Stone Wall x1 |
| 20:35 | Guthrie_Govan · wall_segment Stone Wall x1 |
| 22:12 | [JA]Xerxes · first_market_buy 100 stone |
| 22:27 | Guthrie_Govan · wall_segment Palisade Wall x1 |
| 22:28 | Guthrie_Govan · wall_segment Stone Wall x1 |
| 24:06 | Guthrie_Govan · wall_segment Stone Wall x1 |
| 24:08 | Guthrie_Govan · wall_segment Stone Wall x1 |
| 24:23 | Guthrie_Govan · wall_segment Stone Wall x1 |
| 24:25 | Guthrie_Govan · wall_segment Stone Wall x1 |
| 24:27 | Guthrie_Govan · wall_segment Stone Wall x1 |
| 25:32 | [JA]Xerxes · age_up castle |
| 25:33 | [JA]Xerxes · first_building Siege Workshop |
| 27:55 | Guthrie_Govan · resign |
[ ANÁLISIS IA · 1 CRÉDITO ]
¿Qué pasó realmente en esta partida?
Wolo.gg analiza cada decisión: build order, eco, micro, errores típicos por bracket. Análisis personalizado por WhatsApp o Discord en 30 segundos.
Guía civ
Maya
Perfil
Xerxes